 Dungeon Crawl Stone Soup version 0.30.1-4-g462c640d31 (webtiles) character file.

Game seed: 2812802096792350623

20159 Wiggles the Severer (level 12, -4/156 (165) HPs)
             Began as a Minotaur Berserker on Aug 23, 2023.
             Was an Elder of Trog.
             Slain by a tengu reaver
             ... wielding a +0 glaive
              (17 damage)
             ... on level 13 of the Dungeon.
             The game lasted 00:22:47 (10830 turns).

Wiggles the Severer (Minotaur Berserker)           Turns: 10830, Time: 00:22:48

HP:   -4/156 (165)  AC: 30    Str: 26    XL:     12   Next: 42%
MP:   11/11         EV: 12    Int:  4    God:    Trog [****..]
Gold: 631           SH:  0    Dex: 11    Spells: 11/11 levels left

rFire   + . .        E - +3 battleaxe (venom)
rCold   + . .        (shield currently unavailable)
rNeg    . . .        f - +18 Lear's hauberk
rPois   +            (helmet currently unavailable)
rElec   .            y - scarf {rC+ rF+}
rCorr   .            (gloves currently unavailable)
SInv    .            (boots currently unavailable)
Will    .....        t - amulet of regeneration Stlth
                     C - ring of poison resistance
HPRegen 1.26/turn    (no ring)
MPRegen 0.12/turn

%: no passive effects
@: berserking, drained, very quick
A: horns 2, retaliatory headbutt
a: Renounce Religion, Berserk, Trog's Hand, Brothers in Arms


You were on level 13 of the Dungeon.
You worshipped Trog.
Trog was greatly pleased with you.
You visited 1 branch of the dungeon, and saw 13 of its levels.

You collected 1269 gold pieces.
You spent 638 gold pieces at shops.

Inventory:

Hand Weapons
 E - a +3 battleaxe of venom (weapon)
Missiles
 g - 2 throwing nets (quivered)
Armour
 f - the +18 Lear's hauberk (worn)
   (You found it on level 8 of the Dungeon)
 v - a +1 chain mail
 y - a scarf of resistance (worn)
Jewellery
 a - an amulet of reflection
 t - an amulet of regeneration (around neck)
 C - a ring of poison resistance (left hand)
 G - an amulet of magic regeneration
 J - a ring of fire
 M - a ring of magical power
Wands
 m - a wand of mindburst (11)
 s - a wand of charming (20)
 B - a wand of iceblast (12)
Scrolls
 c - a scroll of blinking
 h - 2 scrolls of noise
 i - 5 scrolls of teleportation
 k - 3 scrolls of magic mapping
 o - 2 scrolls of poison
 p - 2 scrolls of fear
 u - 2 scrolls of identify
 H - a scroll of enchant armour
 L - a scroll of fog
Potions
 b - 2 potions of ambrosia
 d - 2 potions of attraction {unknown}
 e - 2 potions of brilliance
 j - 2 potions of mutation
 l - 7 potions of curing
 n - 2 potions of magic
 q - 4 potions of haste
 r - 2 potions of lignification
 w - 2 potions of might
 x - 5 potions of heal wounds
 z - a potion of resistance {unknown}
 A - 5 potions of flight {unknown}
 D - 2 potions of berserk rage {unknown}
 F - a potion of invisibility {unknown}
Miscellaneous
 I - a box of beasts
 K - a phial of floods


   Skills:
 + Level 11.5 Fighting
 + Level 16.2 Axes
 + Level 11.5 Armour
 + Level 7.8 Dodging
 + Level 1.3 Stealth
 + Level 6.7 Shields


You had 11 spell levels left.
You didn't know any spells.
Your spell library was empty.

Dungeon Overview and Level Annotations

Branches:
Dungeon (13/15)            Temple (0/1) D:6            Lair (0/5) D:8
    Orc (0/2) D:9
 Vaults: D:13-14

Altars:
Ashenzari
Cheibriados
Dithmenos
Elyvilon
Fedhas
Hepliaklqana
Makhleb
Nemelex Xobeh
Okawaru
Qazlal
Ru
Sif Muna
Uskayaw
Xom
Zin
The Shining One

Shops:
D:5 !!   D:8 *!   D:10 *   D:12 ?!:[

Portals:
Trove: D:13 (give horn of Geryon)

Annotations:
D:10 2 transporters, Babbit's ghost, journeyman MiFi
D:13 3 runed translucent doors, Naostoov's ghost, journeyman SpEn


Innate Abilities, Weirdness & Mutations

You have a pair of horns on your head.
You reflexively headbutt those who attack you in melee.


Message History

Your headbutt misses the tengu conjurer.
The tengu conjurer is moderately wounded.
The tengu conjurer casts a spell at you.
The bolt of lightning misses you. The tengu reaver casts a spell at you.
The bolt of fire hits you! You resist.
You slash the tengu conjurer!
The tengu conjurer is poisoned.
Your headbutt misses the tengu conjurer.
The tengu conjurer is heavily wounded.
The tengu conjurer hits you but does no damage.
The tengu conjurer misses you.
The tengu conjurer claws you but does no damage.
The tengu reaver hits you but does no damage.
A red film seems to cover your vision as you go berserk!
You feel yourself moving faster!
You feel mighty!
The tengu conjurer casts a spell.
The tengu conjurer conjures a globe of magical energy!
The tengu reaver hits you from afar with a +0 glaive!
A battlesphere comes into view.
You miss the tengu conjurer.
The tengu conjurer is heavily wounded.
The tengu conjurer hits you but does no damage.
The tengu conjurer pecks you but does no damage.
The tengu conjurer claws you but does no damage.
The tengu reaver casts a spell at you. The bolt of negative energy hits you!!!
You feel drained.
* * * LOW HITPOINT WARNING * * *
You slash the tengu conjurer!
You feel the power of Trog in you as your rage grows.
You kill the tengu conjurer!
Trog accepts your kill.
Trog appreciates your killing of a magic user.
The battlesphere dissipates.
The tengu reaver casts a spell at you. The bolt of lightning hits you!!
* * * LOW HITPOINT WARNING * * *
You see here a tengu corpse.
You feel a strong urge to attack something.
The tengu reaver hits you from afar with a +0 glaive!
You die...

..##.##.... ..## ....#.... ......
.... ..##..## ## #....# ####
########.#..##. .## #....# #
.........#..#.. .[# #....# #
#..(.....'..#..##..# #....# #
##.......#..##.Q..# .#....######
.##......##..##[.##..##..........
.P#....#..#....†@....#...........
.8#....#..##....○...##...........
KK####.#...###....###....#######.
W##..#.#.....######......# +.
##...#.##........)..#....# #.
.....#..#.....#.#))##....# #.
#....#..#.....#...)).....# #.
#....#..#.....#..........#######.
#....'..###+###...[........[.....


You could see a tengu reaver.

Vanquished Creatures
  Jorgrun (D:13)
  Erolcha (D:11)
  The ghost of sunglassesatnite the Basher, a novice MiBe of Trog (D:9)
  A centaur warrior (D:9)
  A two-headed ogre (D:8)
  3 tengu warriors
  2 boulder beetles (D:13)
  Lodul (D:13)
  A deep elf pyromancer (D:13)
  A cyclops (D:13)
  An ugly thing (D:12)
  A guardian serpent (D:12)
  2 gargoyles (D:13)
  A komodo dragon (D:11)
  2 tengu conjurers (D:13)
  5 trolls
  Prince Ribbit (D:7)
  2 shadows
  2 vampires
  2 wraiths
  4 yaks (D:9)
  A steam dragon (D:6)
  7 vampire mosquitoes
  Duvessa (D:7)
  2 acid dragons
  2 water moccasins
  A black bear (D:7)
  4 ice beasts
  3 orc warriors
  9 ogres
  3 centaurs
  3 phantoms
  3 kobold brigands
  A bullfrog (D:9)
  5 scorpions
  4 gnoll sergeants
  A necrophage (D:8)
  9 wights
  Dowan (D:7)
  24 killer bees
  10 howler monkeys
  A hound (D:4)
  5 jellies
  An orc priest (D:9)
  A sleepcap (D:7)
  Ijyb (D:4)
  5 iguanas
  7 orc wizards
  A hound skeleton (D:8)
  A killer bee simulacrum (D:9)
  22 gnolls
  4 adders
  A shadow imp (D:5)
  2 white imps (D:9)
  An ufetubus (D:5)
  A worm (D:5)
  4 dart slugs
  32 orcs
  5 bats (D:1)
  10 endoplasms
  4 giant cockroaches
  5 hobgoblins
  3 jackals (D:1)
  15 kobolds
  5 quokkas
  5 ball pythons
  4 frilled lizards
  4 goblins
  4 rats
284 creatures vanquished.

Vanquished Creatures (collateral kills)
  2 ice beasts (D:9)
  A centaur simulacrum (D:9)
  A killer bee simulacrum (D:9)
  A white imp (D:9)
5 creatures vanquished.

Vanquished Creatures (others)
  A kobold (D:9)
1 creature vanquished.

Grand Total: 290 creatures vanquished

Notes
Turn   | Place    | Note
-------+----------+-------------------------------------------
     0 | D:1      | Wiggles the Minotaur Berserker began the quest for the Orb.
     0 | D:1      | Reached XP level 1. HP: 19/19 MP: 0/0
   142 | D:1      | Reached XP level 2. HP: 9/27 MP: 1/1
   249 | D:1      | Reached skill level 4 in Axes
  1087 | D:2      | Reached XP level 3. HP: 33/33 MP: 2/2
  1161 | D:2      | Found a shimmering altar of Xom.
  1203 | D:2      | Reached ** piety under Trog
  2551 | D:4      | Noticed Ijyb
  2561 | D:4      | Killed Ijyb
  2562 | D:4      | Reached XP level 4. HP: 40/40 MP: 3/3
  2762 | D:4      | Reached skill level 5 in Axes
  3012 | D:4      | Reached XP level 5. HP: 15/47 MP: 4/4
  3505 | D:4      | Found a hazy altar of Hepliaklqana.
  3704 | D:5      | Entered Level 5 of the Dungeon
  3759 | D:5      | Reached skill level 1 in Shields
  3788 | D:5      | Found a snail-covered altar of Cheibriados.
  3788 | D:5      | Found a shimmering altar of Xom.
  3788 | D:5      | Found a hide-covered altar of Uskayaw.
  3789 | D:5      | Found a stormy altar of Qazlal.
  3795 | D:5      | Reached XP level 6. HP: 49/53 MP: 5/5
  3812 | D:5      | Found a glowing silver altar of Zin.
  3824 | D:5      | Found Dozicall's Distillery.
  3837 | D:5      | Bought a potion of heal wounds for 60 gold pieces
  3837 | D:5      | Bought a potion of heal wounds for 60 gold pieces
  3837 | D:5      | Bought a potion of heal wounds for 60 gold pieces
  3874 | D:5      | Reached skill level 5 in Armour
  3943 | D:5      | Reached XP level 7. HP: 58/60 MP: 6/6
  3968 | D:5      | Found Johafaqaav's Distillery.
  4038 | D:5      | Reached skill level 6 in Axes
  4438 | D:5      | Reached *** piety under Trog
  4439 | D:5      | Reached skill level 5 in Fighting
  4442 | D:5      | Reached skill level 7 in Axes
  4461 | D:5      | Reached XP level 8. HP: 16/68 MP: 7/7
  4551 | D:6      | Noticed a troll
  4568 | D:6      | Killed a troll
  4677 | D:6      | Reached skill level 5 in Shields
  4758 | D:6      | Reached skill level 8 in Axes
  4971 | D:6      | Found a white marble altar of Elyvilon.
  4985 | D:6      | Reached XP level 9. HP: 78/78 MP: 8/8
  5452 | D:6      | Found a staircase to the Ecumenical Temple.
  5688 | D:7      | Found a sacrificial altar of Ru.
  5824 | D:7      | Noticed Dowan
  5825 | D:7      | Noticed Duvessa
  5833 | D:7      | Killed Duvessa
  5834 | D:7      | Reached skill level 9 in Axes
  5834 | D:7      | Killed Dowan
  5859 | D:7      | Noticed Prince Ribbit
  5877 | D:7      | Killed Prince Ribbit
  5878 | D:7      | Reached skill level 5 in Dodging
  5878 | D:7      | Reached skill level 1 in Stealth
  6083 | D:7      | Found a blossoming altar of Fedhas.
  6234 | D:7      | Found an iron altar of Okawaru.
  6321 | D:8      | Found a staircase to the Lair.
  6344 | D:8      | Reached skill level 10 in Axes
  6354 | D:8      | Reached **** piety under Trog
  6375 | D:8      | Found a shadowy altar of Dithmenos.
  6419 | D:8      | Found a shimmering blue altar of Sif Muna.
  6419 | D:8      | Found a sparkling altar of Nemelex Xobeh.
  6424 | D:8      | Noticed a two-headed ogre
  6432 | D:8      | Killed a two-headed ogre
  6433 | D:8      | Reached XP level 10. HP: 88/88 MP: 9/9
  6501 | D:8      | Found Oshiruwoo's Assorted Antiques.
  6504 | D:8      | Bought a glowing scarf for 192 gold pieces
  6631 | D:8      | Found a burning altar of Makhleb.
  6692 | D:8      | Found Xumemet's Distillery.
  6694 | D:8      | Noticed a tengu warrior
  6705 | D:8      | Killed a tengu warrior
  6706 | D:8      | Reached skill level 11 in Axes
  6869 | D:8      | Found the +18 Lear's hauberk
  7063 | D:9      | Found a staircase to the Orcish Mines.
  7082 | D:9      | Noticed sunglassesatnite's ghost (novice MiBe)
  7093 | D:9      | Noticed a centaur warrior
  7103 | D:9      | Killed a centaur warrior
  7104 | D:9      | Reached skill level 12 in Axes
  7152 | D:9      | Found a runed translucent gate.
  7152 | D:9      | Found a runed translucent gate.
  7152 | D:9      | Found a runed translucent gate.
  7168 | D:9      | Found a glowing golden altar of the Shining One.
  7444 | D:9      | Found a broken altar of Ashenzari.
  7892 | D:9      | Reached XP level 11. HP: 99/99 MP: 10/10
  7902 | D:9      | Killed sunglassesatnite's ghost
  7903 | D:9      | Reached skill level 10 in Fighting
  7903 | D:9      | Reached skill level 13 in Axes
  7998 | D:10     | Entered Level 10 of the Dungeon
  8044 | D:10     | Found Serataigg's General Store.
  8399 | D:10     | Found a transporter.
  8497 | D:10     | Found a transporter.
  8497 | D:10     | Noticed Babbit's ghost (journeyman MiFi)
  8837 | D:11     | Reached skill level 14 in Axes
  9066 | D:11     | Noticed Erolcha
  9107 | D:11     | Killed Erolcha
  9324 | D:12     | Found Zees's Magic Scroll Boutique.
  9466 | D:12     | Bought a scroll of brand weapon for 133 gold pieces
  9466 | D:12     | Bought a scroll of brand weapon for 133 gold pieces
  9507 | D:12     | Reached skill level 10 in Armour
  9512 | D:12     | Reached ***** piety under Trog
  9695 | D:12     | Found Horarafu's Distillery.
  9813 | D:12     | Noticed a red ugly thing
  9826 | D:12     | Killed a red ugly thing
  9930 | D:12     | Found Qozoy's Book Boutique.
  9985 | D:12     | Found Hiydd's Antique Armour Shoppe.
 10196 | D:13     | Reached skill level 15 in Axes
 10235 | D:13     | Found a portal to a secret trove of treasure.
 10266 | D:13     | Noticed a boulder beetle
 10279 | D:13     | Killed a boulder beetle
 10376 | D:13     | Noticed a boulder beetle
 10387 | D:13     | Killed a boulder beetle
 10436 | D:13     | Noticed a deep elf pyromancer
 10443 | D:13     | Killed a deep elf pyromancer
 10444 | D:13     | Reached XP level 12. HP: 110/110 MP: 11/11
 10513 | D:13     | Noticed a tengu warrior
 10513 | D:13     | Noticed Lodul
 10517 | D:13     | Noticed a tengu warrior
 10526 | D:13     | Killed a tengu warrior
 10539 | D:13     | Killed Lodul
 10540 | D:13     | Killed a tengu warrior
 10662 | D:13     | Noticed Jorgrun
 10689 | D:13     | Killed Jorgrun
 10690 | D:13     | Reached skill level 16 in Axes
 10771 | D:13     | Found a runed translucent gate.
 10771 | D:13     | Found a runed translucent gate.
 10771 | D:13     | Found a runed translucent gate.
 10773 | D:13     | Noticed Naostoov's ghost (journeyman SpEn)
 10813 | D:13     | Found the sphere of Battle
 10814 | D:13     | Noticed a tengu reaver
 10830 | D:13     | Slain by a tengu reaver

Illustrated notes

Levels and vault maps discovered:
D:1:      spicycebolla_green_bress_n_ham_2, layout_basic, chequers_garden,
          minmay_misc_feat_doors, grunt_decor_clamped,
          chequers_serial_rivers_marsh, nicolae_figureground_pulse
D:2:      layout_basic, basic_altar, kennysheep_generic_room_10
D:3:      layout_loops_corners
D:4:      layout_loops_corners, nicolae_hepliaklqana_hippocampus,
          grunt_tough_drop, uniq_ijyb
D:5:      layout_gridville, grunt_temple_overflow_open, serial_shops, shop,
          shop, dk_vineyard_3
D:6:      layout_basic, mainiacjoe_overflow_six_doors_small,
          minmay_temple_entry_fiery
D:7:      layout_cave_pools, okawaru_altar_gauntlet_db,
          mainiacjoe_overflow_chevrons, mainiacjoe_overflow_24_doors,
          reono_crystal_passage, hangedman_decor_growths, uniq_duvessa,
          uniq_prince_ribbit1
D:8:      layout_cave_pools, makhleb_blood_cavern_becter,
          grunt_dithmenos_shadows, gammafunk_temple_overflow_elements,
          lair_entry_dummy, serial_column_ruins, column_ruins_hut,
          column_ruins_grid_4, column_ruins_columns_straight,
          column_ruins_open_medium, column_ruins_corridor_straight,
          serial_shops, nicolae_shop_behind_doors, shop,
          hellmonk_guarded_unrand_lears
D:9:      layout_basic, nicolae_ashenzari_skybound, tso_metal_star, orc_0_dummy,
          gammafunk_ghost_icy, kennysheep_generic_room_7
D:10:     layout_loops_ring, serial_shops, shop, gammafunk_ghost_hive
D:11:     layout_cave_pools, uniq_erolcha
D:12:     layout_cave_pods, serial_shops, shop, nicolae_shop_statue_plus,
          nicolae_shop_tiny_statue_garden, nicolae_stop_n_shop_1,
          nrook_guardian_serpent_double
D:13:     layout_irregular_city, enter_trove_3, gammafunk_ghost_nasty_kobolds,
          hellmonk_guarded_unrand_sphere_of_battle, uniq_lodul, uniq_jorgrun

Skill      XL: |  1  2  3  4  5  6  7  8  9 10 11 12 |
---------------+-------------------------------------+-----
Fighting       | 4 5 6 8 9 11 | 11.5
Axes           | 4 5 7 8 10 12 15 16 | 16.2
Armour         | 3 4 5 6 7 8 9 10 11 | 11.5
Dodging        | 3 4 5 6 7 |  7.8
Shields        | 1 3 5 6 |  6.7
Stealth        | 1 |  1.3

Action                     |  1- 3 |  4- 6 |  7- 9 | 10-12 || total
---------------------------+-------+-------+-------+-------++-------
  Melee: Hand axe          |    92 |   108 |   138 |       ||   338
         Headbutt          |     8 |    23 |    41 |    44 ||   116
         Battleaxe         |       |       |    80 |   291 ||   371
 Invoke: Berserk           |     1 |       |     6 |    10 ||    17
         Brothers in Arms  |       |       |       |     2 ||     2
    Use: Scroll            |       |       |    14 |    11 ||    25
   Stab: Sleeping          |     1 |       |       |       ||     1
 Armour: Animal skin       |     3 |       |       |       ||     3
         Leather armour    |     5 |       |       |       ||     5
         Ring mail         |     1 |       |       |       ||     1
         Scale mail        |    13 |    43 |   130 |     9 ||   195
         Chain mail        |       |       |       |   267 ||   267
  Dodge: Dodged            |    49 |    39 |   170 |   207 ||   465
  Block: Kite shield       |     7 |    39 |    81 |       ||   127
